 Dungeon Crawl Stone Soup version 0.29.0-13-gc9e81de378 (webtiles) character file.

Game seed: 6440314088304060845

254 MisterFreud the Cudgeller (level 6, -1/37 HPs)
             Began as a Gargoyle Fighter on Sept 7, 2022.
             Was an Initiate of Okawaru.
             Slain by Duvessa
             ... wielding a +0 short sword
              (3 damage)
             ... on level 4 of the Dungeon.
             The game lasted 00:03:21 (3344 turns).

MisterFreud the Cudgeller (Gargoyle Fighter)        Turns: 3344, Time: 00:03:21

Health: -1/37      AC: 14    Str: 22    XL:     6   Next: 15%
Magic:  6/6        EV:  9    Int:  8    God:    Okawaru [......]
Gold:   118        SH:  4    Dex:  9    Spells: 5/5 levels left

rFire   . . .      SeeInvis .   a - +0 flail
rCold   . . .      Faith    .   c - +0 buckler
rNeg    + . .      Spirit   .   b - +0 scale mail
rPois   ∞          Reflect  .   q - +1 helmet
rElec   +          Harm     .   (no cloak)
rCorr   .          Rampage  .   n - +0 pair of gloves
Will    .....                   (no boots)
Stlth   ..........              (no amulet)
HPRegen 0.12/turn               (no ring)
MPRegen 0.10/turn               (no ring)

@: mighty
A: sickness immunity, AC +4, negative energy resistance 1, electricity
resistance, torment resistance 1, petrification resistance
a: Renounce Religion


You were on level 4 of the Dungeon.
You worshipped Okawaru.
Okawaru was noncommittal.
You visited 2 branches of the dungeon, and saw 5 of its levels.

You collected 118 gold pieces.

Inventory:

Hand Weapons
 a - a +0 flail (weapon)
 r - a +3 vampiric glaive
Missiles
 s - a boomerang (quivered)
Armour
 b - a +0 scale mail (worn)
 c - a +0 buckler (worn)
 n - a +0 pair of gloves (worn)
 q - a +1 helmet (worn)
Wands
 j - a wand of iceblast (10)
Scrolls
 e - a scroll of teleportation {unknown}
 f - 6 scrolls of identify {unknown}
 h - a scroll of magic mapping {unknown}
 k - a scroll of vulnerability {unknown}
 m - a scroll of brand weapon {unknown}
Potions
 i - 2 potions of heal wounds {unknown}
 l - 2 potions of degeneration {unknown}
 o - a potion of berserk rage {unknown}
 p - a potion of brilliance {unknown}
 t - a potion of lignification {unknown}


   Skills:
 - Level 3.3 Fighting
 + Level 6.2 Maces & Flails
 - Level 3.3 Armour
 - Level 3.3 Shields


You had 5 spell levels left.
You didn't know any spells.
Your spell library was empty.

Dungeon Overview and Level Annotations

Branches:
Dungeon (4/15)             Temple (1/1) D:4

Altars:
Cheibriados
Gozag
Kikubaaqudgha
Okawaru
Ru
Sif Muna
Uskayaw
Wu Jian
Yredelemnul
Zin
The Shining One

Shops:
D:1 =[   D:3 *

Annotations:
D:4 Duvessa


Innate Abilities, Weirdness & Mutations

You are immune to sickness and miasma.
Your stone body is resilient. (AC +4)
You are immune to poison.
You resist negative energy. (rN+)
You are resistant to electric shocks. (rElec)
You are resistant to unholy torment.
You are immune to petrification.


Message History

Dowan hits you but does no damage.
You barely miss Dowan.
Dowan is almost dead.
Dowan completely misses you.
You sock Dowan!
You kill Dowan!
Okawaru accepts your kill.
Duvessa screams in rage.
Duvessa goes berserk!
Your Maces & Flails skill increases to level 6!
You have reached level 6!
Unknown command.
You closely miss the jackal.
The jackal bites you but does no damage.
The jackal barely misses you.
You hit the jackal.
You kill the jackal!
Okawaru accepts your kill. Duvessa barely misses you.
You closely miss Duvessa. Duvessa hits you with a +0 short sword.
Duvessa hits you with a +0 short sword!
You barely miss Duvessa. Duvessa hits you but does no damage.
You sock Duvessa!
Duvessa is moderately wounded.
Duvessa hits you with a +0 short sword. Duvessa barely misses you.
You sock Duvessa!
Duvessa is heavily wounded.
Duvessa barely misses you. Duvessa hits you with a +0 short sword.
You sock Duvessa!
Duvessa is severely wounded.
Duvessa hits you but does no damage.
You sock Duvessa!
Duvessa is almost dead.
Duvessa hits you but does no damage. Duvessa hits you with a +0 short sword.
You barely miss Duvessa.
Duvessa is almost dead.
Duvessa hits you with a +0 short sword!
* * * LOW HITPOINT WARNING * * *
Duvessa hits you with a +0 short sword.
You die...

......# ......#
....# ......# ....
......#. ####...
)....... ..##..
[.....# #.##5.
......# #.##h#
......# #.###.##e#
......# #.....##@#
......# ###....#
......#####....>##
#####.......>.####
....'...............
#####......#########
# #......# #......#
####...#


You could see Duvessa (berserk), an ufetubus and a jackal.

Vanquished Creatures
  Dowan (D:4)
  An iguana (D:4)
  An orc wizard (D:4)
  6 adders
  A white imp (D:4)
  A dart slug (D:3)
  7 orcs
  10 ball pythons
  3 endoplasms
  4 giant cockroaches
  4 hobgoblins (D:3)
  4 jackals
  4 quokkas
  7 bats
  4 frilled lizards
  13 goblins
  4 kobolds
  9 rats
84 creatures vanquished.

Notes
Turn   | Place    | Note
-------+----------+-------------------------------------------
     0 | D:1      | MisterFreud the Gargoyle Fighter began the quest for the
                  | Orb.
     0 | D:1      | Reached XP level 1. HP: 14/14 MP: 1/1
    81 | D:1      | Found Bygreattiu's Jewellery Shop.
   115 | D:1      | Found Heosum's Antique Armour Emporium.
   304 | D:1      | Reached XP level 2. HP: 19/19 MP: 2/2
   493 | D:1      | Found a faded altar of an unknown god.
   913 | D:2      | Reached skill level 3 in Maces & Flails
   917 | D:2      | Reached XP level 3. HP: 20/23 MP: 3/3
  1475 | D:3      | Reached skill level 4 in Maces & Flails
  1500 | D:3      | Reached XP level 4. HP: 28/28 MP: 4/4
  1527 | D:3      | Found an ornate altar of the Wu Jian Council.
  1569 | D:3      | Found Zin's Purification Station.
  1571 | D:3      | Found a glowing silver altar of Zin.
  2454 | D:3      | Found a faded altar of an unknown god.
  2458 | D:3      | Found a snail-covered altar of Cheibriados.
  2532 | D:3      | Found a sacrificial altar of Ru.
  2708 | D:4      | Reached skill level 5 in Maces & Flails
  2708 | D:4      | Reached XP level 5. HP: 32/32 MP: 5/5
  3231 | D:4      | Found a staircase to the Ecumenical Temple.
  3250 | Temple   | Entered the Ecumenical Temple
  3258 | Temple   | Became a worshipper of Warmaster Okawaru
  3323 | D:4      | Noticed Dowan
  3324 | D:4      | Noticed Duvessa
  3335 | D:4      | Killed Dowan
  3336 | D:4      | Reached skill level 6 in Maces & Flails
  3336 | D:4      | Reached XP level 6. HP: 37/37 MP: 6/6
  3344 | D:4      | Slain by Duvessa

Illustrated notes

Levels and vault maps discovered:
D:1:      amcnicky_arrival_wind_blow, layout_basic, serial_shops, shop_statue,
          nicolae_square_shop, shapermc_ecumenical_altar_totnotflames
D:2:      layout_basic
D:3:      minmay_octagon_keep, layout_basic, zin_purify,
          nicolae_ru_great_annihilating_truth,
          nicolae_overflow_ecumenical_swirl, mainiacjoe_overflow_24_doors,
          st_stairs_4, serial_bayou_ford_a, hangedman_decor_peaks_small
D:4:      layout_basic, makhleb_blood_cavern_becter,
          minmay_temple_entry_butterflies, minmay_checkerbox, uniq_duvessa,
          uniq_eustachio
Temple:   nicolae_temple_little_seven

Skill      XL: |  1  2  3  4  5 |
---------------+----------------+-----
Maces & Flails | 3 4 5 6 |  6.2
Fighting       | |  3.3
Armour         | |  3.3
Shields        | |  3.3

Action                   |  1- 3 |  4- 6 || total
-------------------------+-------+-------++-------
Melee: Flail             |   111 |   197 ||   308
  Use: Potion            |       |     3 ||     3
 Stab: Paralysed         |       |     3 ||     3
Armor: Scale mail        |    82 |   164 ||   246
Dodge: Dodged            |    78 |   113 ||   191
Block: Buckler           |    23 |    38 ||    61
